 Dungeon Crawl Stone Soup version 0.30-a0-939-gc8157cb160 (webtiles) character file.

Game seed: 12486248870853134503

72 BlueFish the Grasshopper (level 4, -5/29 HPs)
             Began as an Octopode Warper on Mar 25, 2023.
             Slain by Terence
             ... wielding a +0 hand axe
              (10 damage)
             ... on level 2 of the Dungeon.
             The game lasted 00:05:01 (1678 turns).

BlueFish the Grasshopper (Octopode Warper)          Turns: 1678, Time: 00:05:02

Health: -5/29      AC:  1    Str: 12    XL:     4   Next: 25%
Magic:  7/7        EV: 13    Int: 15    God:
Gold:   118        SH:  0    Dex: 11    Spells: 3/7 levels left

rFire   . . .      SeeInvis .    d - +0 whip
rCold   . . .      Faith    .    (no shield)
rNeg    . . .      Spirit   .    (helmet restricted)
rPois   .          Reflect  .    g - amulet of the acrobat
rElec   .          Rampage  .    (no ring)
rCorr   .                        (no ring)
Will    .....                    (no ring)
Stlth   +++                      (no ring)
HPRegen 0.24/turn                (no ring)
MPRegen 0.10/turn                (no ring)
                                 (no ring)
                                 (no ring)

@: no status effects
A: almost no armour, amphibious, 8 rings, camouflage 1, gelatinous body 1,
(nimble swimmer 1), tentacles
a: no special abilities


You were on level 2 of the Dungeon.
You visited 1 branch of the dungeon, and saw 2 of its levels.

You collected 118 gold pieces.

Inventory:

Hand Weapons
 d - a +0 whip (weapon)
 f - a +0 quarterstaff
Missiles
 b - 7 boomerangs of dispersal (quivered)
Jewellery
 g - an amulet of the acrobat (around mantle)
Scrolls
 a - a scroll of blinking
 c - a scroll of magic mapping {unknown}
 e - 2 scrolls of identify {unknown}
 h - a scroll of brand weapon {unknown}
 i - a scroll of acquirement {unknown}
 l - 2 scrolls of teleportation {unknown}
 o - a scroll of noise {unknown}
Potions
 j - 2 potions of curing {unknown}
 k - a potion of brilliance {unknown}
 m - a potion of magic {unknown}
 n - a potion of attraction {unknown}


   Skills:
 + Level 2.2 Fighting
 + Level 0.7(0.9) Maces & Flails
 + Level 0.5(0.7) Staves
 + Level 1.4 Throwing
 + Level 2.7 Dodging
 * Level 2.6 Stealth
 + Level 2.3 Unarmed Combat
 + Level 2.2 Spellcasting
 + Level 3.2 Translocations


You had 3 spell levels left.
You knew the following spells:

 Your Spells              Type           Power      Damage    Failure   Level
a - Blink                 Tloc           22%        N/A       9%          2
b - Lesser Beckoning      Tloc           22%        N/A       9%          2

Your spell library contained the following spells:

 Spells                   Type           Power      Damage    Failure   Level
 Teleport Other           Tloc           11%        N/A       17%         3
 Sublimation of Blood     Necr           1%         N/A       32%         2
 Vhi's Electric Charge    Tloc/Air       12%        N/A       32%         3
 Ozocubu's Armour         Ice            1%         N/A       54%         3
 Manifold Assault         Tloc           11%        N/A       50%         4
 Petrify                  Tmut/Erth      1%         N/A       91%         4
 Irradiate                Conj/Tmut      0%         3d11      99%         5
 Ozocubu's Refrigeration  Ice            0%         4d7       100%        7


Dungeon Overview and Level Annotations

Branches:
Dungeon (2/15)

Altars:
The Shining One

Shops:
D:1 :

Annotations:
D:2 Terence


Innate Abilities, Weirdness & Mutations

You cannot wear most types of armour.
You are amphibious.
You can wear up to eight rings at the same time.
Your skin changes colour to match your surroundings (Stealth+).
Your rubbery body absorbs attacks. (AC +1, EV +1)
((You are camouflaged when in or above water. (Stealth+)))
You have tentacles for arms and can constrict up to eight enemies at once.


Message History

The dart slug is almost dead.
You constrict the dart slug.
You kill the dart slug!
Found a stone staircase leading down.
Terence the Incautious comes into view.
He is wielding a +0 hand axe.
A gnoll comes into view. It is wielding a +0 whip.
The gnoll shouts!
A gnoll comes into view. It is wielding a +0 flail.
You barely miss Terence.
Terence shouts!
The gnoll shouts!
You grab Terence. You constrict Terence.
You hear a shout!
Terence hits you with a +0 hand axe.
A gnoll comes into view. It is wielding a +0 club.
You release your grip on Terence.
Terence attacks as you move away! Terence misses you.
Terence attacks as you move away! Terence misses you.
You hit Terence but do no damage. You grab Terence.
Terence is lightly wounded.
You constrict Terence, but do no damage.
Terence hits you with a +0 hand axe.
You hit Terence but do no damage. You squeeze Terence, but do no damage.
Terence is lightly wounded.
You constrict Terence. Terence hits you with a +0 hand axe.
You hit Terence but do no damage. You squeeze Terence, but do no damage.
Terence is lightly wounded.
You constrict Terence. Terence hits you with a +0 hand axe.
You release your grip on Terence.
You hit Terence. Your grab misses Terence.
Terence is moderately wounded.
Terence completely misses you. Terence hits you with a +0 hand axe.
You hit Terence but do no damage. You grab Terence.
Terence is moderately wounded.
You constrict Terence. Terence hits you with a +0 hand axe!
* * * LOW HITPOINT WARNING * * *
You hit Terence but do no damage. You squeeze Terence, but do no damage.
Terence is heavily wounded.
You constrict Terence, but do no damage.
Terence hits you with a +0 hand axe!
You die...

+.....................
##.#.....####.####...#
... #.##.##.# #.#
##..# .g. #.......#
#.#####..# .g.
#######.# #........#
#'# #.# #######.## #.#
#.# #......
#.############.#
#.#####
######......ggg@@...#
#†# #
........#############
#.# # ####.....# #.# #
##...## #.##### >...##
#...... ###.## #######
.. ###


You could see Terence and 3 gnolls.

Vanquished Creatures
  Jessica (D:2)
  A worm (D:2)
  2 dart slugs
  8 ball pythons
  3 endoplasms
  A giant cockroach (D:1)
  5 goblins
  3 hobgoblins
  5 kobolds
  2 quokkas
  A frilled lizard (D:2)
  3 rats
35 creatures vanquished.

Notes
Turn   | Place    | Note
-------+----------+-------------------------------------------
     0 | D:1      | BlueFish the Octopode Warper began the quest for the Orb.
     0 | D:1      | Reached XP level 1. HP: 14/14 MP: 3/3
    52 | D:1      | Reached skill level 1 in Stealth
    71 | D:1      | Found Itatuill's Book Shop.
   110 | D:1      | Reached XP level 2. HP: 19/19 MP: 5/5
   113 | D:1      | Learned a level 2 spell: Blink
   116 | D:1      | Learned a level 2 spell: Lesser Beckoning
   467 | D:1      | Reached XP level 3. HP: 24/24 MP: 6/6
  1051 | D:2      | Found a glowing golden altar of the Shining One.
  1185 | D:2      | Noticed Jessica
  1192 | D:2      | Killed Jessica
  1193 | D:2      | Reached XP level 4. HP: 14/29 MP: 7/7
  1659 | D:2      | Noticed Terence
  1678 | D:2      | Slain by Terence

Illustrated notes

Levels and vault maps discovered:
D:1:      dpeg_arrival_round_c, layout_loops_ring, serial_shops, shop,
          serial_bayou_lagoon_a
D:2:      layout_loops_corners, basic_altar, uniq_jessica, uniq_terence

Skill      XL: |  1  2  3 |
---------------+----------+-----
Stealth        | 1 2 |  2.6
Fighting       | |  2.2
Maces & Flails | |  0.7
Staves         | |  0.5
Throwing       | |  1.4
Dodging        | |  2.7
Unarmed Combat | |  2.3
Spellcasting   | |  2.2
Translocations | |  3.2

Action                     |  1- 3 |  4- 6 || total
---------------------------+-------+-------++-------
  Melee: Unarmed           |    13 |       ||    13
         Constrict         |    16 |     6 ||    22
         Tentacles         |    15 |     5 ||    20
         Whip              |    45 |    19 ||    64
         Punch             |     1 |     1 ||     2
   Stab: Sleeping          |     9 |     1 ||    10
 Armour: Skin              |     2 |     1 ||     3
  Dodge: Dodged            |    23 |     9 ||    32

Table legend: (Time is in decaauts)
 A = Elapsed time spent in this place.
 B = Non-inter-level travel time spent in this place.
 C = Inter-level travel time spent in this place.
 D = Time resting spent in this place.
 E = Time spent auto-exploring this place.
 F = Levels seen in this place.
 G = Mean time per level.
                   A        B        C        D        E       F      G
               +--------+--------+--------+--------+--------+-----+--------+
         Total |   1686 |   1632 |     54 |    100 |   1206 |   2 |  843.0 |
       Dungeon |   1686 |   1632 |     54 |    100 |   1206 |   2 |  843.0 |
               +--------+--------+--------+--------+--------+-----+--------+

Top non-repeatable levels by time:
     D:2: 867 daAuts
     D:1: 819 daAuts
